 Dungeon Crawl Stone Soup version 0.26-a0-113-gd8a95b691d (webtiles) character file.

Game seed: 11525408998177124877

520 kae the Cleaver (level 7, -3/63 HPs)
             Began as a Hill Orc Fighter on June 19, 2020.
             Slain by a killer bee (8 damage)
             ... on level 5 of the Dungeon on June 25, 2020.
             The game lasted 00:02:51 (4025 turns).

kae the Cleaver (Hill Orc Fighter)                  Turns: 4025, Time: 00:02:52

Health: -3/63      AC:  8    Str: 21    XL:     7   Next: 21%
Magic:  7/7        EV:  7    Int:  8    God:
Gold:   164        SH:  9    Dex: 10    Spells: 6/6 levels left

rFire    . . .     SeeInvis .   a - +0 war axe
rCold    . . .     Faith    .   c - +0 kite shield
rNeg     . . .     Spirit   .   b - +0 scale mail
rPois    .         Reflect  .   (no helmet)
rElec    .         Harm     .   s - +0 cloak (curse)
rCorr    .                      (no gloves)
MR       .....                  (no boots)
Stlth    ..........             (no amulet)
HPRegen  0.20/turn              (no ring)
MPRegen  0.10/turn              (no ring)

@: mighty, lethally poisoned (-3 -> -6)
A: no striking features
a: no special abilities


You were on level 5 of the Dungeon.
You were near starving.

You visited 1 branch of the dungeon, and saw 5 of its levels.

You collected 164 gold pieces.

Inventory:

Hand Weapons
 a - a +0 war axe (weapon)
Armour
 b - a +0 scale mail (worn)
 c - a +0 kite shield (worn)
 s - a cursed +0 cloak (worn)
Jewellery
 o - an uncursed ring of wizardry
 v - an uncursed ring of stealth {unknown}
 C - an uncursed ring of protection from magic {unknown}
 E - an uncursed ring of see invisible {unknown}
Wands
 x - a wand of enslavement (8)
Scrolls
 e - 2 scrolls of teleportation
 g - 4 scrolls of amnesia
 i - 5 scrolls of identify
 j - a scroll of immolation {unknown}
 k - 3 scrolls of remove curse {unknown}
 n - a scroll of noise {unknown}
 p - 5 scrolls of fear {unknown}
 w - a scroll of enchant weapon {unknown}
 y - a scroll of magic mapping {unknown}
 B - a scroll of fog {unknown}
Potions
 h - a potion of curing
 l - 4 potions of lignification {unknown}
 m - a potion of haste {unknown}
 q - a potion of cancellation {unknown}
 r - a potion of magic {unknown}
 t - 2 potions of degeneration {unknown}
 u - a potion of brilliance {unknown}
 z - a potion of resistance {unknown}
 A - a potion of berserk rage {unknown}
 D - 2 potions of invisibility {unknown}
Comestibles
 f - 7 rations


   Skills:
 + Level 6.2 Fighting
 * Level 8.3 Axes
 - Level 3.2 Armour
 - Level 3.2 Shields


You had 6 spell levels left.
You didn't know any spells.
Your spell library contained the following spells:

 Spells                   Type           Power        Failure   Level  Hunger
 Animate Skeleton         Necr           N/A          99%         1    ##.....
 Pain                     Necr           #...         99%         1    ##.....
 Vampiric Draining        Necr           #.........   100%        3    ####...
 Animate Dead             Necr           N/A          100%        4    #####..
 Agony                    Necr           #.......     100%        5    ######.


Dungeon Overview and Level Annotations

Branches:
Dungeon (5/15)
 Temple: D:4-7

Altars:
Ashenzari


Message History

The killer bee is lightly wounded.
You block the killer bee's attack. x2
You hit the killer bee.
The killer bee is heavily wounded.
The killer bee closely misses you. x2; The killer bee stings you.
* * * LOW HITPOINT WARNING * * *
You closely miss the killer bee.
The killer bee is heavily wounded.
You are near starving!
You block the killer bee's attack. The killer bee barely misses you.
You barely miss the killer bee.
The killer bee is heavily wounded.
The killer bee stings you!
* * * LOW HITPOINT WARNING * * *
You are poisoned.
The killer bee poisons you! You block the killer bee's attack.
You closely miss the killer bee.
The killer bee is heavily wounded.
You feel sick. The killer bee barely misses you. The killer bee stings you!
You die...

............ ...........
........... ..........
#.......# #.......#
##########
#.......####........#
#........yy@....#####
####..######..#.#
#..###.....#.#
........##†##.#
###.####..#.##.#########
#.....................
#.......#..#.#########
#.......'......#
#.......##.#.#.#


You could see 2 killer bees.

Vanquished Creatures
  3 killer bees (D:5)
  A crimson imp (D:3)
  An iguana (D:4)
  Natasha (thrice) (D:3)
  2 worker ants
  A hound skeleton (D:4)
  4 adders
  6 gnolls
  3 oozes (D:2)
  2 dart slugs
  3 leopard geckos
  3 orcs (D:3)
  8 giant cockroaches
  12 goblins
  8 hobgoblins
  3 quokkas
  7 bats
  3 frilled lizards
  10 kobolds
  2 quokka skeletons
  8 rats
93 creatures vanquished.

Notes
Turn   | Place    | Note
-------+----------+-------------------------------------------
     0 | D:1      | kae the Hill Orc Fighter began the quest for the Orb.
     0 | D:1      | Reached XP level 1. HP: 19/19 MP: 1/1
   154 | D:1      | Reached skill level 3 in Axes
   182 | D:1      | Reached XP level 2. HP: 27/27 MP: 2/2
   420 | D:1      | Reached skill level 4 in Axes
   432 | D:1      | Reached XP level 3. HP: 33/33 MP: 3/3
  1060 | D:2      | Found a shattered altar of Ashenzari.
  1176 | D:2      | Reached XP level 4. HP: 41/41 MP: 4/4
  1316 | D:2      | Reached skill level 5 in Axes
  2060 | D:3      | Reached skill level 5 in Fighting
  2060 | D:3      | Reached XP level 5. HP: 40/48 MP: 5/5
  2190 | D:3      | Reached skill level 6 in Axes
  2254 | D:3      | Noticed Natasha
  2258 | D:3      | Killed Natasha
  2398 | D:3      | Reached XP level 6. HP: 44/56 MP: 6/6
  2580 | D:3      | Noticed Natasha
  2587 | D:3      | Killed Natasha
  2587 | D:3      | Reached skill level 7 in Axes
  2595 | D:3      | Noticed Natasha
  2604 | D:3      | Killed Natasha
  3079 | D:4      | Upgraded the game from 0.26-a0-84-g8c18429211 to
                  | 0.26-a0-113-gd8a95b691d
  3889 | D:5      | Entered Level 5 of the Dungeon
  3972 | D:5      | Reached XP level 7. HP: 61/63 MP: 7/7
  3973 | D:5      | Reached skill level 8 in Axes
  4025 | D:5      | Slain by a killer bee

Illustrated notes

Levels and vault maps discovered:
D:1:      dpeg_arrival_connections, layout_loops_ring, chequers_mini_garden,
          wad_floor_pattern_1
D:2:      minmay_alternating_diamond, layout_basic, nicolae_ashenzari_panopticon
D:3:      layout_loops_ring, first_ration, kennysheep_generic_room_7,
          uniq_natasha
D:4:      minmay_door_path, layout_loops_cross, minivault_26
D:5:      layout_basic, nicolae_overflow_crystal_walls, tgw_sif,
          old_standard_altar, old_standard_altar,
          minmay_a_box_with_orc_wizards_in_it, uniq_pikel

Skill      XL: |  1  2  3  4  5  6  7 |
---------------+----------------------+-----
Axes           | 3 4 5 6 7 8 |  8.3
Fighting       | 4 5 6 |  6.2
Armour         | |  3.2
Shields        | |  3.2

Action                   |  1- 3 |  4- 6 |  7- 9 || total
-------------------------+-------+-------+-------++-------
Melee: War axe           |   110 |   211 |    29 ||   350
  Use: Scroll            |     2 |     1 |       ||     3
       Potion            |       |       |     3 ||     3
  Eat: Chunk             |     1 |     8 |       ||     9
Armor: Scale mail        |    60 |   102 |    16 ||   178
Dodge: Dodged            |    40 |    68 |    17 ||   125
Block: Kite shield       |    66 |   112 |    20 ||   198

Table legend:
 A = Non-vault XP
 B = Vault XP
 C = Vault XP percentage of total XP
 D = Non-vault monster count
 E = Vault monster count
 F = Vault count percentage of total count
                 A         B        C        D         E       F
            +---------+---------+-------+---------+---------+-------
      Total |     700 |      44 |   5.9 |      85 |       8 |   8.6
            +---------+---------+-------+---------+---------+-------
        D:1 |      39 |       0 |   0.0 |      22 |       0 |   0.0
        D:2 |     104 |       7 |   6.3 |      27 |       5 |  15.6
        D:3 |     238 |      37 |  13.5 |      24 |       3 |  11.1
        D:4 |     131 |       0 |   0.0 |       7 |       0 |   0.0
        D:5 |     188 |       0 |   0.0 |       5 |       0 |   0.0
            +---------+---------+-------+---------+---------+-------
